AoeStats
← Dr. Prince

Black Forest

509793818Analyzed
2v2 RM · 3d ago on Sep 28, 2026· 54m 15s· 4 players
Game mode
Random Map
Map size
Medium (4 player)
Population
200
Speed
Normal
Resources
Standard
Victory
Conquest
Starting age
Dark Age
Ending age
Imperial Age
RankedLock teamsTeams togetherTeam positionsShared explorationLock speedFull tech treeHidden civsTurbo modeCheats
Victory
Defeat
🇺🇸 Mongols · United States
1112
+15
🇺🇸 Wu · United States
1111
+15
🇺🇸 Gurjaras · United States
1105
-15
🇺🇸 Tupi · United States
1082
-15
ray_quazaa
4:02 Loom
11:27 Feudal Age
19:06 Castle Age
18:11 Double-Bit Axe
18:09 Horse Collar
18:23 Fletching
22:34 Crossbowman
33:41 Bodkin Arrow
33:56 Heavy Plow
43:56 Imperial Age
43:17 Gold Mining
43:39 Bow Saw
45:54 Conscription
47:25 Champi Runner
48:46 Champi Warrior
49:30 Squires
mazerr88
11:19 Feudal Age
11:18 Loom
12:42 Double-Bit Axe
16:21 Castle Age
15:29 Horse Collar
24:36 Wheelbarrow
24:34 Sanctity
25:18 Fervor
28:04 Arson
30:52 Imperial Age
31:31 Forging
31:21 Scale Mail Armor
33:29 Husbandry
34:21 Bow Saw
36:28 Heavy Plow
36:42 Scale Barding Armor
38:36 Gold Mining
39:24 Crop Rotation
40:33 Chemistry
39:30 Murder Holes
44:11 Bloodlines
44:05 Town Watch
45:25 Elite Skirmisher
46:27 Crossbowman
49:03 Gold Shaft Mining
53:26 Iron Casting
52:40 Man-at-Arms
55:05 Ballistics
Grog Father
0:28 Loom
12:17 Feudal Age
12:57 Double-Bit Axe
15:57 Castle Age
13:55 Horse Collar
14:45 Stone Mining
15:22 Gold Mining
17:39 Bow Saw
20:09 Heavy Plow
23:11 Stone Shaft Mining
22:51 Pikeman
23:38 Pikeman
25:06 Scale Mail Armor
25:17 Forging
34:02 Gold Shaft Mining
47:17 Forging
47:07 Scale Mail Armor
50:48 Imperial Age
49:48 Iron Casting
49:28 Chain Mail Armor
Dr. Prince
1:46 Loom
12:36 Feudal Age
16:32 Castle Age
14:49 Double-Bit Axe
16:30 Man-at-Arms
17:15 Long Swordsman
18:36 Horse Collar
22:45 Pikeman
23:27 Scale Mail Armor
27:46 Wheelbarrow
27:57 Elite Skirmisher
30:20 Fletching
30:46 Chain Mail Armor
32:02 Hand Cart
32:35 Bodkin Arrow
32:47 Scale Barding Armor
32:53 Forging
32:44 Padded Archer Armor
33:13 Town Watch
33:57 Bow Saw
33:45 Gold Mining
34:05 Squires
37:24 Imperial Age
35:49 Leather Archer Armor
36:09 Iron Casting
35:55 Chain Barding Armor
37:33 Town Patrol
37:34 Heavy Plow
38:15 Gold Shaft Mining
37:32 Stone Mining
37:27 Onager
38:27 Bracer
38:58 Siege Engineers
40:18 Blast Furnace
39:54 Plate Mail Armor
39:55 Siege Onager
41:43 Ballistics
42:23 Chemistry
41:20 Murder Holes
41:36 Masonry
41:40 Thumb Ring
42:54 Drill
41:56 Elite Mangudai
43:38 Conscription
43:56 Hoardings
49:12 Parthian Tactics
49:01 Light Cavalry
49:54 Bloodlines
49:44 Husbandry
49:07 Light Cavalry
Connection lost

Rejoining the realm…

Still unreachable

The connection could not be restored.

Session expired

The server has moved on; the page needs a fresh start.